 Dungeon Crawl Stone Soup version 0.30-a0-1123-gabc949cf19 (webtiles) character file.

Game seed: 16177168687875602733

7 voltaire321 the Magician (level 1, 0/10 HPs)
             Began as a Deep Elf Hedge Wizard on Apr 22, 2023.
             Slain by a kobold
             ... wielding a +1 short sword of electrocution
              (4 damage)
             ... on level 1 of the Dungeon.
             The game lasted 00:00:37 (246 turns).

voltaire321 the Magician (Deep Elf Hedge Wizard)     Turns: 246, Time: 00:00:38

Health: 0/10       AC:  2    Str:  7    XL:     1   Next: 83%
Magic:  0/7        EV: 12    Int: 18    God:
Gold:   0          SH:  0    Dex: 14    Spells: 7/8 levels left

rFire   . . .        a - +0 dagger
rCold   . . .        (no shield)
rNeg    . . .        b - +0 robe
rPois   .            c - +0 hat
rElec   .            (no cloak)
rCorr   .            (no gloves)
SInv    .            (no boots)
Will    .....        (no amulet)
Stlth   ++           (no ring)
HPRegen 0.21/turn    (no ring)
MPRegen 0.10/turn

%: no passive effects
@: very slightly contaminated
A: no striking features
a: no special abilities


You were on level 1 of the Dungeon.
You visited 1 branch of the dungeon, and saw 1 of its levels.

Inventory:

Hand Weapons
 a - a +0 dagger (weapon)
Armour
 b - a +0 robe (worn)
 c - a +0 hat (worn)
Scrolls
 e - a scroll of identify {unknown}
Potions
 d - a potion of magic
 f - a potion of heal wounds {unknown}


   Skills:
 + Level 0.2 Fighting
 + Level 0.2 Armour
 + Level 2.5 Dodging
 - Level 2.4 Stealth
 + Level 4.4 Spellcasting
 + Level 1.2 Conjurations
 + Level 1.2 Summonings
 + Level 1.2 Translocations


You had 7 spell levels left.
You knew the following spells:

 Your Spells              Type           Power      Damage    Failure   Level
a - Magic Dart            Conj           32%        1d4       9%          1

Your spell library contained the following spells:

 Spells                   Type           Power      Damage    Failure   Level
 Blink                    Tloc           16%        N/A       13%         2
 Call Imp                 Summ           16%        N/A       13%         2
 Slow                     Hex            16%        N/A       14%         1
 Cigotuvi's Dreadful Rot  Necr/Pois/Air  8%         N/A       22%         2
 Mephitic Cloud           Conj/Pois/Air  5%         N/A       34%         3


Dungeon Overview and Level Annotations

Branches:
Dungeon (1/15)

Altars:


Message History

Aiming: Magic Dart (safe; 9% risk of failure)
Press: ? - help, Q - select action Shift-Dir - straight line, f/p - kobold
Aim: a kobold, wielding a +1 short sword of electrocution (100% to hit)
The magic dart hits the kobold.
The kobold is moderately wounded.
The endoplasm quivers.
Your magical contamination has completely faded away.
Aiming: Magic Dart (safe; 9% risk of failure)
Press: ? - help, Q - select action Shift-Dir - straight line, f/p - kobold
Aim: a kobold, wielding a +1 short sword of electrocution (100% to hit)
The magic dart hits the kobold.
The kobold is severely wounded.
Aiming: Magic Dart (safe; 9% risk of failure)
Press: ? - help, Q - select action Shift-Dir - straight line, f/p - kobold
Aim: a kobold, wielding a +1 short sword of electrocution (severely wounded, 100% to hit)
The magic dart hits the kobold but does no damage.
The kobold is severely wounded.
Aiming: Magic Dart (safe; 9% risk of failure)
Press: ? - help, Q - select action Shift-Dir - straight line, f/p - kobold
Aim: a kobold, wielding a +1 short sword of electrocution (severely wounded, 100% to hit)
You miscast Magic Dart.
You are very lightly contaminated with residual magic.
Nothing appears to happen.
The kobold closely misses you.
Aiming: Magic Dart (safe; 9% risk of failure)
Press: ? - help, Q - select action Shift-Dir - straight line, f/p - kobold
Aim: a kobold, wielding a +1 short sword of electrocution (severely wounded, 100% to hit)
The magic dart hits the kobold but does no damage.
The kobold is severely wounded.
The kobold hits you with a +1 short sword of electrocution.
You closely miss the kobold.
The kobold is severely wounded.
The kobold hits you with a +1 short sword of electrocution.
You completely miss the kobold.
The kobold is severely wounded.
The kobold hits you with a +1 short sword of electrocution.
You barely miss the kobold.
The kobold is severely wounded.
The kobold hits you with a +1 short sword of electrocution.
You die...

#####'###.##.#.#.######
####......##.#.#.#
#.........##.#.#.#
#.##......##.#.#.#
#####'######.......#.#
#.........##.###.###.#
#.........##........)#
#..⌠...⌠..#..###.#####
#.........# #@#####+##
+....<....+ #K#.......
#.........# #B#......#
#..⌠...⌠..# ##J#.......
#.........# #..+.......
#.........# ##........#
#####+#####
#...........
#.......#... #.......#
.


You could see an endoplasm, a giant cockroach and a kobold.

Vanquished Creatures
  A goblin (D:1)
  2 jackals (D:1)
  2 ball pythons (D:1)
  A bat (D:1)
6 creatures vanquished.

Notes
Turn   | Place    | Note
-------+----------+-------------------------------------------
     0 | D:1      | voltaire321 the Deep Elf Hedge Wizard began the quest for
                  | the Orb.
     0 | D:1      | Reached XP level 1. HP: 10/10 MP: 7/7
   246 | D:1      | Slain by a kobold

Illustrated notes

Levels and vault maps discovered:
D:1:      mushboom_english_gardens, layout_basic, hangedman_decor_lopped

Action                     || total
---------------------------++-------
  Melee: Dagger            ||     3
   Cast: Magic Dart        ||    18
 Armour: Robe              ||     1
  Dodge: Dodged            ||     3

Table legend: (Time is in decaauts)
 A = Elapsed time spent in this place.
 B = Non-inter-level travel time spent in this place.
 C = Inter-level travel time spent in this place.
 D = Time resting spent in this place.
 E = Time spent auto-exploring this place.
 F = Levels seen in this place.
 G = Mean time per level.
                   A        B        C        D        E       F      G
               +--------+--------+--------+--------+--------+-----+--------+
         Total |    246 |    246 |      0 |     67 |    133 |   1 |  246.0 |
       Dungeon |    246 |    246 |      0 |     67 |    133 |   1 |  246.0 |
               +--------+--------+--------+--------+--------+-----+--------+

Top non-repeatable levels by time:
     D:1: 246 daAuts
